 Dungeon Crawl Stone Soup version 0.28-a0-1365-g7e0445c96d (webtiles) character file.

Game seed: 2959997734504256781

1066 Lekart the Chopper (level 8, -1/70 HPs)
             Began as a Purple Draconian Chaos Knight on Dec 31, 2021.
             Was a Plaything of Xom.
             Slain by a killer bee (6 damage)
             ... on level 5 of the Dungeon.
             The game lasted 00:07:51 (5645 turns).

Lekart the Chopper (Purple Draconian Chaos Knight)  Turns: 5645, Time: 00:07:51

Health: -1/70      AC:  6    Str: 15    XL:     8   Next: 7%
Magic:  8/8        EV: 13    Int: 12    God:    Xom [.....*]
Gold:   239        SH:  0    Dex: 13    Spells: 7/7 levels left

rFire   + + .      SeeInvis .   a - +0 hand axe (chaos)
rCold   . . .      Faith    .   (no shield)
rNeg    . . .      Spirit   .   (armour unavailable)
rPois   +          Reflect  .   (helmet restricted)
rElec   .          Harm     .   (no cloak)
rCorr   .          Rampage  .   (no gloves)
Will    +....                   (no boots)
Stlth   ++........              b - amulet of Ewaxiaba {Fragile rPois rF++ Regen+ Stlth+}
HPRegen 1.01/turn               (no ring)
MPRegen 0.11/turn               (no ring)

@: confused, lethally poisoned (-1 -> -3), ambrosia-drunk
A: breathe power, AC +6, unfitting armour, cold-blooded, wild magic 1
a: Breathe Dispelling Energy, Renounce Religion


You were on level 5 of the Dungeon.
You worshipped Xom.
You were Xom's teddy bear.
You visited 1 branch of the dungeon, and saw 6 of its levels.

You collected 239 gold pieces.

Inventory:

Hand Weapons
 a - a +0 hand axe of chaos (weapon)
Jewellery
 b - the amulet of Ewaxiaba (around neck) {Fragile rPois rF++ Regen+ Stlth+}
   (Xom gifted it to you on level 5 of the Dungeon)

   [amulet of regeneration]

   rF:        It greatly protects you from fire.
   rPois:     It protects you from poison.
   Regen:     It increases your rate of health regeneration.
   Fragile:   It will be destroyed if unequipped.
   Stlth:     It makes you more stealthy.
Wands
 g - a wand of paralysis (11)
Scrolls
 d - a scroll of magic mapping
 i - 4 scrolls of amnesia
Potions
 e - a potion of haste {unknown}
 f - a potion of invisibility {unknown}
 h - a potion of cancellation {unknown}
 j - 3 potions of curing
 k - a potion of heal wounds {unknown}


   Skills:
 + Level 5.7 Fighting
 + Level 7.0 Axes
 + Level 4.0 Dodging
 + Level 3.4 Stealth
 + Level 0.9 Evocations


You had 7 spell levels left.
You didn't know any spells.
Your spell library was empty.

Dungeon Overview and Level Annotations

Branches:
Dungeon (6/15)
 Temple: D:4-7

Altars:
Hepliaklqana
Ru
Sif Muna
Xom


Innate Abilities, Weirdness & Mutations

You can breathe bolts of dispelling energy.
Your rich purple scales are hard. (AC +6)
You cannot fit into any form of body armour.
You are cold-blooded and may be slowed by cold attacks.
Your spells are a little harder to cast, but a little more powerful.


Message History

The killer bee is moderately wounded.
You closely miss the killer bee. You hit the killer bee.
The killer bee is poisoned.
The killer bee stings you but does no damage.
The killer bee closely misses you.
The killer bee stings you but does no damage.
The killer bee closely misses you. The killer bee stings you! x2
You barely miss the killer bee.
The killer bee is moderately wounded.
You closely miss the killer bee. You barely miss the killer bee.
The killer bee stings you but does no damage.
The killer bee barely misses you. The killer bee misses you.
The killer bee barely misses you. x2; The killer bee misses you.
The hound pauses to sniff the ground. "Hum-dee-hum-dee-hum..."
The hound evaporates and reforms as a boggart!
You are now Xom's teddy bear.
The killer bee stings you! x2
* * * LOW HITPOINT WARNING * * *
The killer bee stings you but does no damage.
There is a stone staircase leading up, spattered with blood here.
The killer bee barely misses you. The killer bee stings you.
* * * LOW HITPOINT WARNING * * *
The killer bee stings you but does no damage.
The killer bee misses you. The killer bee stings you.
* * * LOW HITPOINT WARNING * * *
The killer bee stings you.
* * * LOW HITPOINT WARNING * * *
You climb upwards.
There is a stone staircase leading down here.
Okay, then.
You are confused.
You feel invigorated. The killer bee stings you!
* * * LOW HITPOINT WARNING * * *
You are poisoned.
The killer bee poisons you! The killer bee stings you.
* * * LOW HITPOINT WARNING * * *
The killer bee stings you.
You die...
Xom laughs nastily!

###.#.# #####.....# #.........#
#<....##### #######.#.....#
######### #.......#.###.#####
#........
#.#######.###.....#####........
#.# ###.#...y................ #.#
###...#..y@................
#.###.#........y..#####........
#.#....######........##########
###.#.........+..............##..
....#.....#.#.#..............##..
.#..#.....#.#................##..
.####.....#.#.......#........##..
..........#.#......##........##..
######....#.#'#######........##..


You could see 3 killer bees.

Vanquished Creatures
  A vampire (D:5)
  An ice beast (D:5)
  A sky beast (D:4)
  2 ogres (D:5)
  A scorpion (D:5)
  A water moccasin skeleton (D:5)
  2 bullfrog zombies (D:5)
  2 hounds
  A jelly (D:5)
  An orc priest (D:4)
  A bullfrog skeleton (D:5)
  A scorpion zombie (D:5)
  Terence (D:2)
  3 adders
  A white imp (D:5)
  2 adder skeletons (D:4)
  4 worms
  8 dart slugs
  9 orcs
  6 ball pythons
  4 bats
  3 endoplasms
  6 giant cockroaches
  2 goblins
  3 hobgoblins
  4 quokkas
  5 frilled lizards
  7 kobolds
  7 rats
  A spectral orc (D:4)
91 creatures vanquished.

Vanquished Creatures (others)
  A phantom (D:4)
1 creature vanquished.

Grand Total: 92 creatures vanquished

Notes
Turn   | Place    | Note
-------+----------+-------------------------------------------
     0 | D:1      | Lekart the Draconian Chaos Knight began the quest for the
                  | Orb.
     0 | D:1      | Reached XP level 1. HP: 19/19 MP: 1/1
    93 | D:1      | XOM: silly message
   250 | D:1      | Reached XP level 2. HP: 24/26 MP: 2/2
   279 | D:1      | XOM: 1-stop teleportation journey
   547 | D:1      | Reached XP level 3. HP: 31/33 MP: 3/3
   658 | D:1      | XOM: cloud trail
  1234 | D:2      | Reached skill level 4 in Axes
  1541 | D:2      | Noticed Terence
  1550 | D:2      | Reached XP level 4. HP: 24/40 MP: 4/4
  1552 | D:2      | XOM: noise
  1590 | D:2      | XOM: 1-stop teleportation journey
  1715 | D:2      | Killed Terence
  2167 | D:3      | XOM: 6-stop teleportation journey
  2383 | D:3      | XOM: divination: detect creatures
  2604 | D:3      | XOM: cloud trail
  2626 | D:3      | Found a faded altar of an unknown god.
  2715 | D:3      | XOM: cloud trail
  3236 | D:4      | Noticed a phantom
  3238 | D:4      | XOM: summons friendly crimson imp
  3277 | D:4      | Killed a phantom
  3277 | D:4      | XOM: divine lightning
  3278 | D:4      | Reached XP level 5. HP: 17/47 MP: 5/5
  3341 | D:4      | XOM: scenery: create altars
  3393 | D:4      | XOM: scenery: create altars
  3534 | D:4      | XOM: divination: detect creatures
  3544 | D:4      | XOM: confuse monster(s)
  3859 | D:4      | Reached skill level 5 in Axes
  4155 | D:4      | Reached skill level 1 in Stealth
  4174 | D:4      | Found a hazy altar of Hepliaklqana.
  4331 | D:4      | Noticed a sky beast
  4337 | D:4      | XOM: enchant monster (good)
  4350 | D:4      | Killed a sky beast
  4351 | D:4      | Reached XP level 6. HP: 55/55 MP: 6/6
  4364 | D:4      | Found a shimmering blue altar of Sif Muna.
  4522 | D:5      | Entered Level 5 of the Dungeon
  4530 | D:5      | XOM: confuse monster(s)
  4671 | D:5      | Gained mutation: Your spells are a little harder to cast,
                  | but a little more powerful. [potion of mutation]
  4671 | D:5      | Gained mutation: You have hidden genetic defects. [potion
                  | of mutation]
  4671 | D:5      | Lost mutation: You have hidden genetic defects. [potion of
                  | mutation]
  4672 | D:5      | Noticed an ice beast
  4693 | D:5      | Killed an ice beast
  4694 | D:5      | Reached skill level 5 in Fighting
  4699 | D:5      | Reached skill level 6 in Axes
  4699 | D:5      | Your scales start taking on a rich purple colour.
  4699 | D:5      | Reached XP level 7. HP: 18/61 MP: 7/7
  4777 | D:5      | Identified the amulet of Ewaxiaba {Fragile rPois rF++
                  | Regen+ Stlth+} (Xom gifted it to you on level 5 of the
                  | Dungeon)
  4777 | D:5      | XOM: god gift: amulet of Ewaxiaba {Fragile rPois rF++
                  | Regen+ Stlth+}
  4960 | D:5      | XOM: summons 1 hostile shadow creature
  4962 | D:5      | XOM: 1-stop teleportation journey
  4967 | D:5      | Noticed a vampire
  4997 | D:5      | XOM: noise
  5118 | D:5      | XOM: cleaving
  5127 | D:5      | Killed a vampire
  5238 | D:5      | Reached skill level 7 in Axes
  5238 | D:5      | Reached XP level 8. HP: 69/69 MP: 8/8
  5522 | D:5      | XOM: cloud trail
  5525 | D:5      | Found a sacrificial altar of Ru.
  5527 | D:5      | XOM: smoke on damage
  5637 | D:6      | XOM: smoke on damage
  5642 | D:6      | XOM: polymorph hound -> boggart
  5645 | D:5      | Slain by a killer bee

Illustrated notes

Levels and vault maps discovered:
D:1:      dpeg_arrival_shelter, layout_basic
D:2:      layout_rooms, uniq_terence
D:3:      layout_basic, shapermc_ecumenical_altar_gd
D:4:      cheibrodos_pilgrimage, layout_loops_ring, marbit_many_paths,
          nicolae_hepliaklqana_monster_ancestors
D:5:      layout_basic, mainiacjoe_overflow_24_doors
D:6:      layout_gridville, eino_small_chamber_without_monster, uniq_menkaure,
          uniq_crazy_yiuf_cottage, uniq_prince_ribbit1

Skill      XL: |  1  2  3  4  5  6  7 |
---------------+----------------------+-----
Fighting       | 4 5 |  5.7
Axes           | 4 5 6 7 |  7.0
Dodging        | 3 4 |  4.0
Stealth        | 1 2 3 |  3.4
Evocations     | |  0.9

Action                   |  1- 3 |  4- 6 |  7- 9 || total
-------------------------+-------+-------+-------++-------
Melee: Hand axe          |   106 |   165 |    84 ||   355
       Tailslap          |    11 |    25 |    15 ||    51
 Abil: Breathe Dispellin |       |       |     1 ||     1
Evoke: Wand              |       |     2 |     4 ||     6
  Use: Scroll            |     3 |     4 |       ||     7
       Potion            |       |     2 |     1 ||     3
 Stab: Paralysed         |       |     8 |     7 ||    15
       Sleeping          |       |     1 |     3 ||     4
Armor: Skin              |    30 |    45 |    30 ||   105
Dodge: Dodged            |    68 |   108 |    60 ||   236

Table legend: (Time is in decaauts)
 A = Elapsed time spent in this place.
 B = Non-inter-level travel time spent in this place.
 C = Inter-level travel time spent in this place.
 D = Time resting spent in this place.
 E = Time spent auto-exploring this place.
 F = Levels seen in this place.
 G = Mean time per level.
                   A        B        C        D        E       F      G
               +--------+--------+--------+--------+--------+-----+--------+
         Total |   5672 |   5520 |    152 |   1297 |   3287 |   6 |  945.3 |
       Dungeon |   5672 |   5520 |    152 |   1297 |   3287 |   6 |  945.3 |
               +--------+--------+--------+--------+--------+-----+--------+

Top non-repeatable levels by time:
     D:4: 1265 daAuts
     D:3: 1201 daAuts
     D:2: 1142 daAuts
     D:5: 1107 daAuts
     D:1: 944 daAuts
     D:6: 11 daAuts
